 Dungeon Crawl Stone Soup version 0.25-a0-1024-gbfbf38f2cb (webtiles) character file.

Game seed: 5410779195428952832, levelgen mode: deterministic

212 Flugslaktarn the Skirmisher (level 5, -4/57 HPs)
             Began as an Ogre Fighter on May 12, 2020.
             Slain by a gnoll shaman
             ... wielding a +0 club
              (6 damage)
             ... on level 3 of the Dungeon.
             The game lasted 00:02:02 (3468 turns).

Flugslaktarn the Skirmisher (Ogre Fighter)          Turns: 3468, Time: 00:02:03

Health: -4/57      AC:  6    Str: 20    XL:     5   Next: 90%
Magic:  5/5        EV:  9    Int:  9    God:
Gold:   243        SH:  8    Dex:  9    Spells: 4/4 levels left

rFire    . . .     SeeInvis .   a - +1 war axe
rCold    + . .     Gourm    .   p - +0 kite shield
rNeg     . . .     Faith    .   b - +0 robe
rPois    .         Spirit   .   (helmet restricted)
rElec    .         Reflect  .   n - +2 cloak
rCorr    .         Harm     .   (gloves unavailable)
MR       +....                  (boots unavailable)
Stlth    +.........             (no amulet)
HPRegen  0.19/turn              m - ring of protection from magic
MPRegen  0.09/turn              c - ring of protection from cold

@: mighty
A: large, unfitting armour, tough skin 1
a: no special abilities


You were on level 3 of the Dungeon.
You were hungry.

You visited 1 branch of the dungeon, and saw 4 of its levels.

You collected 243 gold pieces.

Inventory:

Hand Weapons
 a - a +1 war axe (weapon)
Missiles
 o - a throwing net (quivered)
Armour
 b - a +0 robe (worn)
 n - a +2 cloak (worn)
   (You found it on level 1 of the Dungeon)
 p - a +0 kite shield (worn)
Jewellery
 c - a ring of protection from cold (right hand)
   (You found it on level 2 of the Dungeon)
 m - a ring of protection from magic (left hand)
   (You found it on level 1 of the Dungeon)
Scrolls
 r - a scroll of identify
Potions
 l - a potion of mutation
 t - a potion of cancellation {unknown}
Comestibles
 e - 5 rations


   Skills:
 + Level 5.1 Fighting
 * Level 4.0 Axes
 + Level 3.5 Dodging
 + Level 3.5 Shields


You had 4 spell levels left.
You didn't know any spells.
Your spell library was empty.

Dungeon Overview and Level Annotations

Branches:
Dungeon (4/15)
 Temple: D:4-7

Altars:

Annotations:
D:4 Sigmund


Innate Abilities, Weirdness & Mutations

You are too large for most types of armour.
You have tough skin. (AC +1)


Message History

You are too injured to fight recklessly!
Unknown command.
You feel very mighty all of a sudden.
You block the gnoll's attack. x2; You block the gnoll shaman's attack.
You barely miss the gnoll shaman.
The gnoll shaman is lightly wounded.
You closely miss the gnoll. You slash the gnoll!
You kill the gnoll!
The gnoll hits you with a +0 club.
* * * LOW HITPOINT WARNING * * *
The gnoll shaman calls upon its god to heal the gnoll.
The gnoll is healed somewhat.
You block the gnoll's attack.
You slash the gnoll!
The gnoll is almost dead.
You hit the gnoll shaman. The gnoll hits you but does no damage.
The gnoll shaman hits you with a +0 club.
* * * LOW HITPOINT WARNING * * *
You block the gnoll's attack.
The gnoll shaman hits you with a +0 club.
You die...

######## #.......
#.###### #######
#.# #.. #.....#
###.####.# #.###.#
#......... #.#
#.#######.....
#g###..........##.
#@g...............
#)#######.........
#.# ###.##.#)...
#.# ##...##.#..#.
#.# #.......#..#.
#.# #......:..##.
#.# #............
#.# ##.#.########
#.# #...# #...


You could see a gnoll shaman and a gnoll (fast).

Vanquished Creatures
  A howler monkey (D:4)
  A worker ant (D:4)
  2 gnolls (D:3)
  4 adders
  A dart slug (D:3)
  3 worms (D:2)
  2 leopard geckos
  3 orcs
  11 giant cockroaches
  12 goblins
  6 hobgoblins
  5 jackals
  2 quokkas
  2 ball pythons (D:3)
  4 bats
  A frilled lizard (D:3)
  A jackal skeleton (D:4)
  5 kobolds
  A leopard gecko zombie (D:2)
  11 rats
78 creatures vanquished.

Notes
Turn   | Place    | Note
-------+----------+-------------------------------------------
     0 | D:1      | Flugslaktarn the Ogre Fighter began the quest for the Orb.
     0 | D:1      | Reached XP level 1. HP: 24/24 MP: 1/1
   256 | D:1      | Reached XP level 2. HP: 25/32 MP: 2/2
   661 | D:1      | Reached XP level 3. HP: 32/40 MP: 3/3
  1276 | D:2      | Reached XP level 4. HP: 41/49 MP: 4/4
  2860 | D:4      | Reached XP level 5. HP: 54/55 MP: 5/5
  3129 | D:4      | Noticed an ogre
  3132 | D:4      | Noticed Sigmund
  3135 | D:4      | Reached skill level 5 in Fighting
  3468 | D:3      | HP: 2/57 [gnoll shaman/+0 club (3)]
  3468 | D:3      | Slain by a gnoll shaman

Illustrated notes

Levels and vault maps discovered:
D:1:      giann_horns, layout_rooms, glass_columns_c, minmay_worlds_worst_comb
D:2:      layout_rooms
D:3:      layout_basic
D:4:      layout_loops_ring, first_ration, uniq_blork_the_orc, uniq_sigmund

Skill      XL: |  1  2  3  4  5 |
---------------+----------------+-----
Dodging        | 3 |  3.5
Shields        | 3 |  3.5
Axes           | 3 4 |  4.0
Fighting       | 5 |  5.1

Action                   |  1- 3 |  4- 6 || total
-------------------------+-------+-------++-------
Melee: War axe           |   126 |   131 ||   257
  Use: Scroll            |       |     9 ||     9
       Potion            |       |     2 ||     2
  Eat: Chunk             |     1 |     7 ||     8
Armor: Robe              |    38 |    39 ||    77
Dodge: Dodged            |    51 |    60 ||   111
Block: Kite shield       |    62 |    72 ||   134

Table legend:
 A = Non-vault XP
 B = Vault XP
 C = Vault XP percentage of total XP
 D = Non-vault monster count
 E = Vault monster count
 F = Vault count percentage of total count
                 A         B        C        D         E       F
            +---------+---------+-------+---------+---------+-------
      Total |     296 |       8 |   2.6 |      74 |       4 |   5.1
            +---------+---------+-------+---------+---------+-------
        D:1 |      39 |       8 |  17.0 |      23 |       4 |  14.8
        D:2 |      60 |       0 |   0.0 |      17 |       0 |   0.0
        D:3 |      83 |       0 |   0.0 |      26 |       0 |   0.0
        D:4 |     114 |       0 |   0.0 |       8 |       0 |   0.0
            +---------+---------+-------+---------+---------+-------
